 Dungeon Crawl Stone Soup version 0.19.1 (webtiles) character file.

24796 kengeki the Zephyrmancer (level 13, -4/74 HPs)
             Began as a Tengu Air Elementalist on Dec 16, 2016.
             Was an Elder of Vehumet.
             Slain by a seven-headed hydra (11 damage)
             ... on level 5 of the Lair of Beasts on Dec 19, 2016.
             The game lasted 03:25:09 (23511 turns).

kengeki the Zephyrmancer (Tengu Air Elementalist)  Turns: 23511, Time: 03:25:10

Health: -4/74      AC:  7    Str: 12    XL:     13   Next: 15%
Magic:  4/26       EV: 16    Int: 23    God:    Vehumet [****..]
Gold:   743        SH:  2    Dex: 15    Spells: 6 memorised, 16 levels left

rFire  + . .     SeeInvis .     a - +3 short sword "Guceed" {pierce, *Slow rPois Int+4}
rCold  . . .     Gourm    .     M - +2 robe {rC+}
rNeg   . . .     Faith    .     (no shield)
rPois  +         Spirit   .     (helmet restricted)
rElec  .         Reflect  +     o - +2 cloak
rCorr  .         Harm     .     (no gloves)
MR     .....                    (boots unavailable)
Stlth  +++.......               W - +2 amulet of reflection
                                v - +2 ring of strength
                                e - ring of fire

@: slowed, repel missiles, drained, very slow
A: beak, talons 3, able to fly 1
a: Fly, Renounce Religion


You were on level 5 of the Lair of Beasts.
You worshipped Vehumet.
Vehumet was greatly pleased with you.
You were very hungry.

You visited 3 branches of the dungeon, and saw 16 of its levels.

You collected 1157 gold pieces.
You spent 414 gold pieces at shops.

Inventory:

Hand Weapons
 a - the +3 short sword "Guceed" (weapon) {pierce, *Slow rPois Int+4}
   (You found it on level 2 of the Lair of Beasts)

   It inflicts extra damage upon your enemies.
   It affects your intelligence (+4).
   It protects you from poison.
   It may slow you when you take damage.
 b - a +0 flail of protection
 c - a +2 rapier of venom
 d - a +1 short sword of draining
Missiles
 i - 260 arrows
Armour
 o - a +2 cloak (worn)
 M - a +2 robe of cold resistance (worn)
Jewellery
 e - a ring of fire (left hand)
 s - an uncursed ring of ice
 v - a +2 ring of strength (right hand)
 y - an uncursed ring of fire
 W - a +2 amulet of reflection (around neck)
Wands
 q - a wand of confusion (9/48)
 C - a wand of polymorph (9/24)
 K - a wand of random effects (25/48)
 L - a wand of disintegration (15/24)
 O - a wand of random effects (28/48)
 R - a wand of enslavement (14/24)
 S - a wand of iceblast (3/15)
Scrolls
 f - 4 scrolls of teleportation
 u - 2 scrolls of identify
 B - a scroll of immolation
 D - 2 scrolls of fog
 E - 6 scrolls of blinking
 F - 4 scrolls of magic mapping
 H - 14 scrolls of remove curse
 I - 2 scrolls of amnesia
 P - 4 scrolls of enchant armour
Potions
 h - a potion of resistance
 k - 5 potions of cancellation
 l - 3 potions of brilliance
 p - a potion of haste
 r - 4 potions of lignification
 w - 2 potions of heal wounds
 z - a potion of ambrosia
 A - 3 potions of cure mutation
 G - 2 potions of might
 Q - 4 potions of agility
 V - 6 potions of curing
Books
 j - a book of Air

   Spells                             Type                      Level
   a - Shock                          Conjuration/Air              1
   b - Swiftness                      Charms/Air                   2
   c - Repel Missiles                 Charms/Air                   2
   d - Static Discharge               Conjuration/Air              3
   e - Lightning Bolt                 Conjuration/Air              5
 n - a book of Unlife

   Spells                             Type                      Level
   a - Recall                         Summoning/Translocation      3
   b - Animate Dead                   Necromancy                   4
   c - Control Undead                 Necromancy                   4
   d - Cigotuvi's Embrace             Necromancy                   5
   e - Death Channel                  Necromancy                   6
   f - Simulacrum                     Ice/Necromancy               6
 t - a book of Cantrips

   Spells                             Type                      Level
   a - Confusing Touch                Hexes                        1
   b - Animate Skeleton               Necromancy                   1
   c - Summon Small Mammal            Summoning                    1
   d - Apportation                    Translocation                1
 x - a book of Callings

   Spells                             Type                      Level
   a - Summon Small Mammal            Summoning                    1
   b - Call Imp                       Summoning                    2
   c - Call Canine Familiar           Summoning                    3
   d - Summon Guardian Golem          Hexes/Summoning              3
   e - Summon Lightning Spire         Summoning/Air                4
   f - Summon Ice Beast               Ice/Summoning                4
Comestibles
 g - 7 meat rations
 m - 3 beef jerkies
 J - 7 bread rations
 T - 19 fruits
 X - a slice of pizza


   Skills:
 + Level 5.9(5.6) Fighting
 + Level 6.9(6.6) Dodging
 + Level 6.7(6.4) Stealth
 + Level 8.7(8.4) Spellcasting
 + Level 13.3(12.9) Conjurations
 + Level 0.0 Necromancy
 - Level 3.0(2.7) Translocations
 + Level 14.0(13.6) Air Magic
 - Level 7.0(6.7) Evocations


You had 16 spell levels left.
You knew the following spells:

 Your Spells              Type           Power        Failure   Level  Hunger
a - Apportation           Tloc           ###.......   2%          1    None
d - Static Discharge      Conj/Air       ######..     1%          3    None
k - Animate Skeleton      Necr           N/A          10%         1    None
l - Lightning Bolt        Conj/Air       ######....   1%          5    #####..
r - Repel Missiles        Chrm/Air       #####.       1%          2    None
s - Shock                 Conj/Air       ####         1%          1    None


Dungeon Overview and Level Annotations

Branches:
Dungeon (10/15)            Temple (1/1) D:4            Lair (5/6) D:9
  Swamp (0/4) Lair:2        Snake (0/4) Lair:3
  Slime: Lair:5-6       Orc: D:9-12

Altars:
Ashenzari
Cheibriados
Dithmenos
Elyvilon
Fedhas
Gozag
Hepliaklqana
Kikubaaqudgha
Makhleb
Nemelex Xobeh
Okawaru
Qazlal
Ru
Sif Muna
Trog
Uskayaw
Vehumet
Xom
Yredelemnul
Zin
The Shining One

Shops:
D:8 %?!

Annotations:
D:5 sky beast
D:10 Cyber's ghost, novice MiFi; Sonja; Urug
Lair:3 exclusion: downstairs


Innate Abilities, Weirdness & Mutations

You have a beak for a mouth.
You have claws for feet.
You can fly.


Message History

The bolt of lightning misses the seven-headed hydra.
The bolt of lightning hits the seven-headed hydra.
The seven-headed hydra is almost dead.
You are feeling very hungry.
You hear a bleat! x2
The seven-headed hydra bites you.
You feel yourself slow down.
You block the seven-headed hydra's attack.
The seven-headed hydra closely misses you.
The seven-headed hydra bites you! x2
* * * LOW HITPOINT WARNING * * *
The seven-headed hydra bites you.
* * * LOW HITPOINT WARNING * * *
The seven-headed hydra bites you!
* * * LOW HITPOINT WARNING * * *
Unknown command.
Unknown command.
Unknown command.
Unknown command.
The seven-headed hydra misses you. The seven-headed hydra bites you!
You die...

#.......## #### ##..#....# ###...
#..P....## ##.##.. ###..P...#.#
##...... #....#...P.# #.......
####........P.# ##......
#.###........## ##### #..P...
###.##.........#####..P###.....?
##P.#....##....#@D.##........P##P
#.P....#.###..#.........###.### #
#.....#### #.###...##..## ###
..P..## ####P..P##...# .#####
##..###....# ## ##...#......##
#............## #.............#
##.............#


You could see a seven-headed hydra.

Vanquished Creatures
  A catoblepas (Lair:3)
  A hydra (Lair:1)
  2 death yaks (Lair:4)
  Pikel (D:9)
  4 elephants (Lair:5)
  Maurice (D:8)
  2 black mambas
  6 spiny frogs
  A rime drake (Lair:2)
  5 komodo dragons
  A tyrant leech (Lair:2)
  17 blink frogs
  2 hippogriffs
  Sigmund (D:5)
  A shadow (D:10)
  22 yaks
  2 wyverns
  Grum (D:10)
  2 basilisks
  A hungry ghost (D:7)
  3 nagas (Lair:3)
  7 water moccasins
  11 porcupines
  2 ice beasts
  An orc warrior (D:9)
  5 phantoms
  2 black bears (D:9)
  A slave (D:9)
  6 ogres
  2 centaurs
  13 wolves
  9 crocodiles
  A big kobold (D:7)
  12 bullfrogs
  3 scorpions
  3 killer bees (D:8)
  A wight (Lair:1)
  A howler monkey (D:9)
  5 crimson imps
  2 bullfrog zombies
  A centaur zombie (D:8)
  4 hounds
  7 orc priests
  A centaur skeleton (D:8)
  2 jellies
  9 orc wizards
  3 iguanas (D:6)
  Natasha (thrice) (D:3)
  9 worker ants
  A killer bee zombie (D:6)
  A hound zombie (D:5)
  A hound skeleton (D:9)
  11 adders
  2 shadow imps
  2 oozes
  3 adder skeletons
  6 worms
  5 dart slugs
  10 leopard geckos
  47 orcs
  A ball python (D:2)
  6 giant cockroaches
  9 goblins
  2 hobgoblins
  4 jackals (D:9)
  9 quokkas
  8 bats
  7 frilled lizards
  12 kobolds
  A quokka zombie (D:8)
  12 rats
363 creatures vanquished.

Vanquished Creatures (others)
  2 slaves (D:9)
  3 jackals (D:9)
  4 bushes (Lair:5)
  2 fungi
  14 plants
25 creatures vanquished.

Grand Total: 388 creatures vanquished

Notes
Turn   | Place    | Note
-------+----------+-------------------------------------------
     0 | D:1      | kengeki the Tengu Air Elementalist began the quest for the Orb.
     0 | D:1      | Reached XP level 1. HP: 10/10 MP: 4/4
   118 | D:1      | Reached XP level 2. HP: 15/15 MP: 3/6
   737 | D:2      | Reached skill level 5 in Air Magic
   737 | D:2      | Reached XP level 3. HP: 3/19 MP: 2/7
  1292 | D:2      | Gained mutation: You are dopey. (Int -2) [potion of mutation]
  1292 | D:2      | Gained mutation: You are agile. (Dex +2) [potion of mutation]
  1292 | D:2      | Gained mutation: You possess an exceptional clarity of mind. [potion of mutation]
  1304 | D:2      | Learned a level 3 spell: Static Discharge
  1951 | D:3      | Found a sparkling altar of Nemelex Xobeh.
  2198 | D:3      | Reached XP level 4. HP: 24/24 MP: 6/8
  2536 | D:3      | Found an iron altar of Okawaru.
  2622 | D:3      | Noticed Natasha
  2673 | D:3      | Gained mutation: You can fly. [Tengu growth]
  2673 | D:3      | Reached XP level 5. HP: 26/28 MP: 2/9
  3125 | D:3      | Reached skill level 6 in Air Magic
  3486 | D:3      | Reached skill level 5 in Conjurations
  3710 | D:3      | Killed Natasha
  3808 | D:3      | Reached XP level 6. HP: 12/32 MP: 3/10
  3821 | D:3      | Noticed Natasha
  4036 | D:4      | Found a deep blue altar of Sif Muna.
  4132 | D:3      | Reached skill level 7 in Air Magic
  4233 | D:3      | Killed Natasha
  4465 | D:3      | Learned a level 5 spell: Lightning Bolt
  4831 | D:4      | Reached XP level 7. HP: 29/36 MP: 1/11
  5233 | D:4      | Found a staircase to the Ecumenical Temple.
  5276 | Temple   | Entered the Ecumenical Temple
  5284 | Temple   | Became a worshipper of Vehumet
  5573 | D:5      | Entered Level 5 of the Dungeon
  5592 | D:4      | Reached skill level 8 in Air Magic
  5952 | D:5      | Found a snail-covered altar of Cheibriados.
  6267 | D:3      | Noticed Natasha
  6271 | D:3      | Killed Natasha
  6605 | D:4      | Learned a level 2 spell: Repel Missiles
  6628 | D:5      | Reached XP level 8. HP: 9/41 MP: 6/13
  7209 | D:5      | Noticed Sigmund
  7212 | D:5      | Killed Sigmund
  7212 | D:5      | Reached skill level 9 in Air Magic
  7312 | D:5      | Found a basalt altar of Yredelemnul.
  7556 | D:6      | Reached * piety under Vehumet
  7556 | D:6      | Offered knowledge of Magic Dart by Vehumet.
  8462 | D:6      | Reached skill level 10 in Air Magic
  8462 | D:6      | Reached XP level 9. HP: 34/45 MP: 10/17
  8536 | D:6      | Found a shadowy altar of Dithmenos.
  8536 | D:6      | Found an iron altar of Okawaru.
  8537 | D:6      | Found a bloodstained altar of Trog.
  8539 | D:6      | Found a shattered altar of Ashenzari.
  8541 | D:6      | Found an ancient bone altar of Kikubaaqudgha.
  8784 | D:6      | Reached skill level 5 in Spellcasting
  9558 | D:7      | Reached skill level 10 in Conjurations
  9733 | D:7      | Lost mutation: You possess an exceptional clarity of mind. [potion of cure mutation]
  9733 | D:7      | Lost mutation: You are dopey. (Int -2) [potion of cure mutation]
  9733 | D:7      | Lost mutation: You are agile. (Dex +2) [potion of cure mutation]
 10184 | D:7      | Reached ** piety under Vehumet
 10408 | D:7      | Found a glowing golden altar of the Shining One.
 10470 | D:7      | Reached skill level 11 in Air Magic
 10671 | D:8      | Found Poifuetu's Food Boutique.
 10986 | D:8      | Found Neodo's Distillery.
 10989 | D:8      | Offered knowledge of Sting by Vehumet.
 11516 | D:8      | Reached XP level 10. HP: 44/50 MP: 4/20
 11661 | D:8      | Noticed Maurice
 11667 | D:8      | Killed Maurice
 11870 | D:8      | Found Nasodo's Magic Scroll Shoppe.
 11873 | D:8      | Bought a scroll of magic mapping for 42 gold pieces
 11873 | D:8      | Bought a scroll of identify for 24 gold pieces
 11873 | D:8      | Bought a scroll of blinking for 90 gold pieces
 11873 | D:8      | Bought a scroll of magic mapping for 42 gold pieces
 11873 | D:8      | Bought a scroll of amnesia for 42 gold pieces
 11873 | D:8      | Bought a scroll of identify for 24 gold pieces
 11873 | D:8      | Bought a scroll of identify for 24 gold pieces
 11873 | D:8      | Bought a scroll of blinking for 90 gold pieces
 11873 | D:8      | Bought a scroll of teleportation for 36 gold pieces
 12171 | D:9      | Noticed Pikel
 12174 | D:9      | Killed Pikel
 12174 | D:9      | Reached skill level 1 in Fighting
 12174 | D:9      | Reached skill level 12 in Air Magic
 12202 | D:9      | Offered knowledge of Mephitic Cloud by Vehumet.
 12260 | D:9      | Identified a scroll of acquirement
 12681 | D:9      | Reached *** piety under Vehumet
 13035 | D:9      | Found a stormy altar of Qazlal.
 13292 | D:9      | Found a staircase to the Lair.
 13549 | Lair:1   | Entered Level 1 of the Lair of Beasts
 13675 | D:10     | Entered Level 10 of the Dungeon
 13675 | D:10     | Noticed Urug
 13677 | D:10     | Noticed Cyber's ghost (novice MiFi)
 13900 | D:10     | Found Jiggiopi's Jewellery Shop.
 13902 | D:10     | Noticed Grum
 14632 | D:10     | Reached XP level 11. HP: 60/60 MP: 20/23
 14640 | D:10     | Killed Grum
 14853 | D:10     | Offered knowledge of Fulminant Prism by Vehumet.
 14936 | D:10     | Noticed Sonja
 15086 | Lair:1   | Noticed a five-headed hydra
 15099 | Lair:1   | Killed a five-headed hydra
 15691 | Lair:1   | Got an iridescent quarterstaff
 15692 | Lair:1   | Identified the +2 quarterstaff of Guhec {crush, *Contam MR+ Stlth+} (You found it on level 1 of the Lair of Beasts)
 16256 | Lair:1   | Reached skill level 5 in Evocations
 17604 | Lair:2   | Learned a level 1 spell: Apportation
 18228 | Lair:2   | Found a staircase to the Swamp.
 18249 | Lair:2   | Reached skill level 5 in Dodging
 18249 | Lair:2   | Reached skill level 1 in Translocations
 18554 | Lair:2   | Reached skill level 5 in Stealth
 18639 | Lair:2   | Reached XP level 12. HP: 62/66 MP: 2/24
 18819 | Lair:2   | Reached skill level 13 in Air Magic
 19164 | Lair:2   | Reached **** piety under Vehumet
 19558 | Lair:2   | Got a brightly glowing short sword
 19562 | Lair:2   | Identified the +3 short sword "Guceed" {pierce, *Slow rPois Int+4} (You found it on level 2 of the Lair of Beasts)
 20097 | Lair:3   | Noticed a catoblepas
 20102 | Lair:3   | Killed a catoblepas
 20506 | Lair:3   | Offered knowledge of Lee's Rapid Deconstruction by Vehumet.
 20842 | Lair:3   | Found a staircase to the Snake Pit.
 21408 | Lair:3   | Reached skill level 5 in Fighting
 21902 | Lair:4   | Noticed a death yak
 21910 | Lair:4   | Noticed a death yak
 21913 | Lair:4   | Killed a death yak
 22099 | Lair:4   | Killed a death yak
 22264 | Lair:4   | Reached XP level 13. HP: 70/73 MP: 20/26
 23078 | Lair:5   | Reached skill level 14 in Air Magic
 23316 | Lair:5   | Learned a level 1 spell: Animate Skeleton
 23511 | Lair:5   | Slain by a seven-headed hydra

Skill      XL: |  1  2  3  4  5  6  7  8  9 10 11 12 13 |
---------------+----------------------------------------+-----
Conjurations   | 2 3 4 5 6 7 9 11 12 13 | 13.3
Air Magic      | 5 6 7 8 10 11 12 13 14 | 14.0
Spellcasting   | 3 4 6 7 8 |  8.7
Fighting       | 3 4 5 |  5.9
Dodging        | 4 5 6 |  6.9
Stealth        | 3 5 6 |  6.7
Evocations     | 6 7 |  7.0
Translocations | 1 3 |  3.0

Action                   |  1- 3 |  4- 6 |  7- 9 | 10-12 | 13-15 || total
-------------------------+-------+-------+-------+-------+-------++-------
Melee: Dagger            |     1 |       |       |       |       ||     1
       Short sword       |       |     1 |       |     1 |     1 ||     3
       Flail             |       |       |     1 |     4 |       ||     5
       Kick              |       |       |     1 |     1 |     1 ||     3
       Peck              |       |       |     1 |     1 |       ||     2
 Cast: Shock             |    63 |   125 |   286 |   353 |    21 ||   848
       Static Discharge  |     8 |     8 |    20 |   160 |    15 ||   211
       Repel Missiles    |       |       |     2 |       |       ||     2
       Lightning Bolt    |       |       |     6 |    72 |     8 ||    86
       Apportation       |       |       |       |    15 |     4 ||    19
Evoke: Wand              |       |       |     2 |     9 |       ||    11
  Use: Scroll            |     6 |     1 |     3 |    13 |     3 ||    26
       Potion            |     1 |     1 |     6 |       |       ||     8
 Stab: Sleeping          |     1 |       |       |       |       ||     1
  Eat: Chunk             |     6 |    12 |    21 |    44 |     3 ||    86
       Fruit             |       |       |     2 |     1 |       ||     3
       Pizza             |       |       |     1 |     1 |     1 ||     3
       Beef jerky        |       |       |       |     2 |       ||     2
       Royal jelly       |       |       |       |     1 |       ||     1
Armor: Robe              |     5 |     3 |    17 |    42 |     3 ||    70
Dodge: Dodged            |    26 |    50 |    58 |   164 |    26 ||   324
       Deflected         |       |       |     3 |     3 |       ||     6
Block: Other             |       |       |       |     1 |     2 ||     3
